Cogmind - Beta 10.2 @@@ ROGUE MODE // 2021.06.08 @ 14:34:18 Player: sentrybuster Result: Self-destructed Performance ------------- Evolutions (2) 1000 Regions Visited (7) 1400 Robots Destroyed (86) 430 Value Destroyed (2408) 2408 Prototype IDs (29) 580 Alien Tech Used (0) 0 Bonus (415) 415 TOTAL SCORE: 6233 Bonus ------- High Alert Combat Kills 13 Follower Combat Kills 102 Aligned with FarCom 300 Cogmind --------- Core Integrity 205/550 Matter 300/300 Energy 265/265 System Corruption 0% Temperature Cool (136) Movement Core (500) Ox9 Location -8/Materials Parts ------- > --- POWER (1) -------- Improved Ion Engine > --- PROPULSION (3) --- (None) > --- UTILITY (4) ------ Large Storage Unit Seismic Analyzer Transmission Jammer > --- WEAPON (3) ------- Heavy Laser > --- INVENTORY (10) --- High-capacity Matter Pod (200) Improved Terrain Scanner Improved Terrain Scanner Improved Trap Extractor AWS/Thermal Improved Datajack Peak State ------------ > --- POWER ------------ Light Nuclear Core > --- PROPULSION ------- Improved Aluminum Leg Improved Aluminum Leg Improved Aluminum Leg > --- UTILITY ---------- Improved Heat Sink Large Storage Unit Seismic Analyzer > --- WEAPON ----------- AWS/Thermal Ripper > --- INVENTORY -------- Ion Engine Improved Aluminum Leg High-capacity Matter Pod Improved Terrain Scanner Improved Terrain Scanner Light Armor Plating Improved Trap Extractor Small Laser Pulse Rifle Improved Datajack [Rating: 36] Favorites ----------- Power Light Nuclear Core Engine Ion Engine Power Core Light Nuclear Core Propulsion Aluminum Leg Treads Light Treads Leg Aluminum Leg Utility Seismic Analyzer Device Improved Terrain Scanner Storage Large Storage Unit Processor Seismic Analyzer Protection Light Armor Plating Weapon Ripper Energy Gun Heavy EM Pulse Gun Ballistic Gun Light Assault Rifle Ballistic Cannon Improved Light Cannon Slashing Weapon Ripper Build | -11 -10 -10 -9 -9 -9 -8 -8 ------- Run | Scr Mat Min Mat Min Exi Min Mat Slots Evolved 4 | . . . 2 . . . 2 Power . | . . . . . . . . Propulsion 1 | . . . . . . . 1 Utility 2 | . . . 1 . . . 1 Weapon 1 | . . . 1 . . . . Parts Attached 56 | 7 9 6 9 9 1 4 11 Power 5 | 1 . 1 . . . 1 2 Engine 3 | 1 . . . . . . 2 Core 2 | . . 1 . . . 1 . Reactor . | . . . . . . . . Propulsion 16 | 2 3 3 3 1 . 1 3 Treads 2 | . . . 1 . . . 1 Leg 14 | 2 3 3 2 1 . 1 2 Wheel . | . . . . . . . . Hover . | . . . . . . . . Flight . | . . . . . . . . Utility 15 | 1 2 . 4 4 . 2 2 Device 8 | . 1 . . 4 . 2 1 Storage 3 | 1 . . 2 . . . . Processor 1 | . 1 . . . . . . Hackware . | . . . . . . . . Protection 3 | . . . 2 . . . 1 Artifact . | . . . . . . . . Weapon 20 | 3 4 2 2 4 1 . 4 Energy Gun 10 | 2 2 . 2 . 1 . 3 Energy Cannon . | . . . . . . . . Ballistic Gun 2 | 1 . . . 1 . . . Ballistic Cannon 5 | . 2 1 . 1 . . 1 Launcher . | . . . . . . . . Special Weapon . | . . . . . . . . Impact Weapon . | . . . . . . . . Slashing Weapon 3 | . . 1 . 2 . . . Piercing Weapon . | . . . . . . . . Special Melee Weapon . | . . . . . . . . Unidentified Prototypes . | . . . . . . . . Parts Lost 18 | . 1 . 1 4 . . 12 Power 2 | . . . . . . . 2 Propulsion 7 | . . . 1 1 . . 5 Utility 2 | . . . . . . . 2 Weapon 7 | . 1 . . 3 . . 3 Highest Loss Streak 10 | . 1 . 1 2 . . 10 Average Slot Usage (%) 95 | . 100 100 96 97 93 88 77 Engine 4 | . 14 11 . . . . 1 Core 7 | . . 2 11 11 11 11 6 Leg 23 | . 28 28 20 21 22 22 20 Device 11 | . 14 14 11 11 11 11 8 Storage 5 | . . . 2 11 11 11 9 Processor 11 | . 13 14 11 11 11 11 9 Protection 1 | . . . 5 . . . 4 Energy Gun 8 | . 10 . 12 8 5 11 8 Ballistic Gun 3 | . 10 . . 5 5 . . Ballistic Cannon 7 | . 7 23 9 4 . . . Slashing Weapon 8 | . . 4 11 12 16 11 7 Naked Turns . | . . . . . . . . Heaviest Build 36 | 13 14 14 33 34 33 33 36 Greatest Support 39 | 20 20 27 32 30 28 28 39 Greatest Overweight (x) 9 | . . . 1 1 1 1 9 Average Overweight (x) . | . . . . . . 1 . Largest Inventory Capacity 10 | 6 6 4 10 10 10 10 10 Average Capacity 7 | 5 4 4 4 10 10 10 10 Most Carried 10 | 6 5 4 6 10 10 10 10 Average Carried 6 | 3 3 3 4 8 10 9 8 Final Capacity 10 | 6 4 4 10 10 10 10 10 Final Carried 10 | 6 4 4 6 10 10 10 7 Class Distribution -------------------- 69% | Scavenger-Mutant 23% | Mutant 5% | Scavenger-Skirmisher Dominant Class ---------------- Mutant | -10/Materials Mutant | -10/Mines Scavenger-Mutant | -9/Materials Scavenger-Mutant | -9/Mines Scavenger-Mutant | -9/Exiles Scavenger-Mutant | -8/Mines Scavenger-Mutant | -8/Materials Resources | -11 -10 -10 -9 -9 -9 -8 -8 ----------- Run | Scr Mat Min Mat Min Exi Min Mat Matter Collected 1348 | 285 226 292 229 155 . 40 121 Remotely . | . . . . . . . . Salvage Created 2900 | 128 392 339 717 524 . 96 704 Parts 172 | 6 21 23 47 29 . 7 39 Haulers Intercepted . | . . . . . . . . Recyclers Shooed 5 | . . . 4 1 . . . Parts Field Recycled . | . . . . . . . . Retrieved Matter . | . . . . . . . . Parts Self-Destructed . | . . . . . . . . Prevented . | . . . . . . . . Kills | -11 -10 -10 -9 -9 -9 -8 -8 ------- Run | Scr Mat Min Mat Min Exi Min Mat Combat Hostiles Destroyed 68 | . 10 11 12 17 . 2 16 Melee 12 | . . 2 . 8 . . 2 Guns 33 | . 6 . 8 4 . 2 13 Cannons 22 | . 4 9 4 4 . . 1 AOE 1 | . . . . 1 . . . Classes Destroyed 11 | 2 3 1 1 3 . . 1 Worker 4 | . . . . 4 . . . Tunneler 3 | 2 . . . 1 . . . Recycler 5 | 1 1 . 3 . . . . Operator 3 | . . . 3 . . . . Watcher 4 | . 2 . 1 . . . 1 Swarmer 20 | . 3 3 5 7 . . 2 Grunt 32 | . 7 6 3 8 . 2 6 Duelist 2 | . . . . 1 . . 1 Sentry 12 | . . 2 4 . . . 6 Hunter 1 | . . . . . . . 1 Assembled 1 | . . . . 1 . . . Best Kill Streak 4 | 3 3 3 4 4 . 2 4 Combat Bots Only 4 | . 3 3 4 3 . 2 4 Max Kills in Single Turn 1 | 1 1 1 1 1 . 1 1 Gunslinging . | . . . . . . . . Exploded 1 | . . . . 1 . . . Melee 1 | . . 1 . 1 . . 1 Uniques/NPCs Destroyed . | . . . . . . . . Combat | -11 -10 -10 -9 -9 -9 -8 -8 -------- Run | Scr Mat Min Mat Min Exi Min Mat Damage Taken 2942 | . 407 377 208 450 . 101 1399 Core 645 | . 66 96 32 90 . 16 345 Absorbed by Shields . | . . . . . . . . Core Remaining (%) 66 | 100 . 35 . . . 65 . Volleys Fired 166 | 5 41 29 45 22 . . 24 Largest 3 | 2 2 2 2 3 . . 2 Hottest 159 | 60 78 78 120 159 . . 98 Shots Fired 353 | 10 79 45 90 53 . 5 71 Gun 214 | 10 51 . 54 32 . 5 62 Cannon 139 | . 28 45 36 21 . . 9 Launcher . | . . . . . . . . Special . | . . . . . . . . Kinetic 172 | 5 55 45 36 22 . . 9 Thermal 99 | . 12 . 9 11 . 5 62 Explosive . | . . . . . . . . Electromagnetic 82 | 5 12 . 45 20 . . . Robot Hit Streak 14 | 5 8 5 5 3 . 5 14 Robot Miss Streak 5 | 1 4 5 5 4 . . 3 Penetration Max . | . . . . . . . . Secondary Targets 1 | . . . 1 . . . . Max Gunslinging Chain 1 | . . . 1 . . . . Autonomous 49 | . . . . . . 5 44 Shots Hit Robots 231 | 7 45 23 42 41 . 6 67 Core Hits 104 | 4 16 14 21 23 . 3 23 Critical Hits 3 | . 1 . 1 1 . . . Critical Kills 1 | . 1 . . . . . . Critical Parts Destroyed 2 | . . . 1 1 . . . Melee Attacks 56 | . . 4 . 35 . 1 16 Impact . | . . . . . . . . Slashing 56 | . . 4 . 35 . 1 16 Piercing . | . . . . . . . . Sneak Attacks 4 | . . 1 . 2 . . 1 Combat Hostiles 1 | . . . . . . . 1 Follow-up Attacks 2 | . . . . 2 . . . Damage Inflicted 5826 | 77 652 628 851 1556 . 171 1891 Guns 2574 | 77 374 . 431 194 . 150 1348 Cannons 1404 | . 278 390 420 211 . . 105 Explosions 137 | . . . . 137 . . . Melee 1687 | . . 238 . 1014 . 21 414 Ramming 24 | . . . . . . . 24 Kinetic 1596 | 34 436 390 420 211 . . 105 Thermal 2025 | . 87 . 149 291 . 150 1348 Explosive . | . . . . . . . . Electromagnetic 494 | 43 129 . 282 40 . . . Impact . | . . . . . . . . Slashing 1687 | . . 238 . 1014 . 21 414 Piercing . | . . . . . . . . Highest Corruption 1 | . . 1 . . . . . Average Corruption 1 | . . 1 . . . . . Corruption Purged . | . . . . . . . . Effects 4 | . . 4 . . . . . Message Errors 2 | . . 2 . . . . . Data Loss (minor) 1 | . . 1 . . . . . Weapon Failures 1 | . . 1 . . . . . Overload Shots . | . . . . . . . . Overflow Damage 240 | . . 96 12 84 . . 48 Projectiles 16 | . . 4 12 . . . . Explosions . | . . . . . . . . Melee 224 | . . 92 . 84 . . 48 Knockbacks 17 | . 5 4 3 4 . . 1 Impact . | . . . . . . . . Kinetic 15 | . 5 4 3 2 . . 1 Secondary 2 | . . . . 2 . . . Self-Inflicted Damage 2 | . . . . . . . 2 Shots . | . . . . . . . . Rammed 4 | . . . . . . . 4 Targets Rammed 6 | . . . . . . . 6 Kicked . | . . . . . . . . Crushed 2 | . . . . . . . 2 Highest Temperature 381 | . 255 144 228 381 . . 261 Average Temperature 67 | . 66 44 50 108 . . 123 Received Heat Transfer 1089 | . 186 114 57 147 . 18 567 Siege Activations . | . . . . . . . . Robots Corrupted 1 | . 1 . . . . . . Combat Hostiles . | . . . . . . . . Parts Fried 3 | . 2 . 1 . . . . Impact Corruptions 1 | . . . . 1 . . . Robots Melted . | . . . . . . . . Combat Hostiles . | . . . . . . . . Parts Melted 2 | . 1 . . . . . 1 Heat Transferred 3123 | . 259 . 259 459 . 185 1961 Parts Sabotaged . | . . . . . . . . Parts Stolen . | . . . . . . . . Parts Stripped . | . . . . . . . . Power Chain Reactions . | . . . . . . . . Missiles Intercepted . | . . . . . . . . Alert | -11 -10 -10 -9 -9 -9 -8 -8 ------- Run | Scr Mat Min Mat Min Exi Min Mat Peak Influence 404 | 15 203 213 202 246 . 40 404 Initial 78 | . 9 78 6 58 . . . Average 99 | 5 66 115 104 112 . 24 205 Maximum Alert Level 2 | . 1 1 1 1 . . 2 Low Security (%) 88 | 100 90 82 99 92 . 100 42 Level 1 11 | . 9 17 . 7 . . 56 Level 2 . | . . . . . . . . Level 3 . | . . . . . . . . Level 4 . | . . . . . . . . Level 5 . | . . . . . . . . High Security . | . . . . . . . . Max Security . | . . . . . . . . Squads Dispatched 9 | . 2 . 3 . . . 4 Investigation 2 | . 1 . 1 . . . . Extermination . | . . . . . . . . Reinforcement 4 | . 1 . 2 . . . 1 Assault . | . . . . . . . . Garrison 3 | . . . . . . . 3 Intercept . | . . . . . . . . Construction Impeded . | . . . . . . . . Haulers Reinforced . | . . . . . . . . Stealth | -11 -10 -10 -9 -9 -9 -8 -8 --------- Run | Scr Mat Min Mat Min Exi Min Mat Distress Signals 3 | . . . 2 . . . 1 Communications Jammed 18 | . . . . . . . 18 Distress Signals 18 | . . . . . . . 18 Times Spotted 97 | . 13 11 26 22 . 2 23 Peak Tracking Total 6 | . 3 3 6 4 . 2 6 Tactical Retreats 7 | . . . 1 2 . . 4 Traps | -11 -10 -10 -9 -9 -9 -8 -8 ------- Run | Scr Mat Min Mat Min Exi Min Mat Traps Triggered 1 | . . 1 . . . . . Indirectly . | . . . . . . . . Trap Hack Attempts . | . . . . . . . . Triggered . | . . . . . . . . Disarmed 4 | . . . 4 . . . . Reprogrammed . | . . . . . . . . Reused . | . . . . . . . . Traps Extracted . | . . . . . . . . Installed . | . . . . . . . . Triggered 1 | . 1 . . . . . . Machines | -11 -10 -10 -9 -9 -9 -8 -8 ---------- Run | Scr Mat Min Mat Min Exi Min Mat Machines Disabled 7 | . 2 1 1 2 . . 1 Max in Single Turn 2 | . 1 1 1 2 . . 1 Machines Sabotaged . | . . . . . . . . Garrisons Compromised . | . . . . . . . . Overloaded Fab Kills . | . . . . . . . . Fab Network Shutdowns . | . . . . . . . . Hacking | -11 -10 -10 -9 -9 -9 -8 -8 --------- Run | Scr Mat Min Mat Min Exi Min Mat Machines Accessed 16 | . 4 1 9 . 1 . 1 Terminals 12 | . 3 . 8 . . . 1 Fabricators . | . . . . . . . . Repair Stations . | . . . . . . . . Recycling Units 2 | . 1 . 1 . . . . Scanalyzers . | . . . . . . . . Garrison Access . | . . . . . . . . Total Hacks 46 | . 10 1 31 . 1 . 3 Successful 23 | . 4 1 16 . 1 . 1 Failed 23 | . 6 . 15 . . . 2 Catastrophic . | . . . . . . . . Database Lockouts . | . . . . . . . . Manual 26 | . 6 . 18 . 2 . . Terminals 39 | . 8 . 28 . . . 3 Fabricators . | . . . . . . . . Repair Stations . | . . . . . . . . Recycling Units 5 | . 2 . 3 . . . . Scanalyzers . | . . . . . . . . Garrison Access . | . . . . . . . . Terminal Hacks 15 | . 2 1 10 . 1 . 1 Robot Analysis 1 | . . . 1 . . . . Prototype ID Bank 4 | . 1 . 3 . . . . Open Door 1 | . . 1 . . . . . Alert Level 1 | . . . 1 . . . . Locate Traps 1 | . . . 1 . . . . Disarm Traps 1 | . . . 1 . . . . Hauler Manifests 1 | . . . 1 . . . . Zone Layout 4 | . 1 . 2 . . . 1 EX-Prototype ID Bank 1 | . . . . . 1 . . Fabricator Hacks . | . . . . . . . . Repair Station Hacks . | . . . . . . . . Recycling Unit Hacks 1 | . . . 1 . . . . Retrieve Components 1 | . . . 1 . . . . Scanalyzer . | . . . . . . . . Garrison Access Hacks . | . . . . . . . . Unauthorized Hacks 7 | . 2 . 5 . . . . Terminals 7 | . 2 . 5 . . . . Track 5 | . 2 . 3 . . . . Botnet 2 | . . . 2 . . . . Fabricators . | . . . . . . . . Repair Stations . | . . . . . . . . Recycling Units . | . . . . . . . . Scanalyzers . | . . . . . . . . Garrison Access . | . . . . . . . . Data Cores Recovered 2 | . . . 2 . . . . Used . | . . . . . . . . Hacking Detections 14 | . 4 . 9 . . . 1 Full Trace Events 1 | . 1 . . . . . . Feedback Events . | . . . . . . . . Feedback Blocked . | . . . . . . . . Robot Schematics Acquired . | . . . . . . . . Robots Built . | . . . . . . . . Matter . | . . . . . . . . Time . | . . . . . . . . Total Robot Build Rating . | . . . . . . . . Part Schematics Acquired . | . . . . . . . . Parts Built . | . . . . . . . . Matter . | . . . . . . . . Time . | . . . . . . . . Total Part Build Rating . | . . . . . . . . Parts Repaired . | . . . . . . . . Time . | . . . . . . . . Parts Recycled . | . . . . . . . . Recycled Matter . | . . . . . . . . Retrieved Matter . | . . . . . . . . Retrieved Components 1 | . . . 1 . . . . Parts Scanalyzed . | . . . . . . . . Part Schematics Acquired . | . . . . . . . . Parts Damaged . | . . . . . . . . Bothacking | -11 -10 -10 -9 -9 -9 -8 -8 ------------ Run | Scr Mat Min Mat Min Exi Min Mat Used RIF Installer . | . . . . . . . . Robots Hacked . | . . . . . . . . Non-combat . | . . . . . . . . Combat . | . . . . . . . . Robot Hacks Applied . | . . . . . . . . Relay Couplers Released . | . . . . . . . . Robots Rewired . | . . . . . . . . Allies Hacked . | . . . . . . . . Hacks Repelled . | . . . . . . . . Allies | -11 -10 -10 -9 -9 -9 -8 -8 -------- Run | Scr Mat Min Mat Min Exi Min Mat Total Allies 3 | . . . . 3 . . . Largest Group 3 | . . . . 3 . . . Highest-Rated Group 40 | . . . . 40 . . . Highest-Rated Ally 16 | . . . . 16 . . . Total Orders . | . . . . . . . . Ally Attacks 13 | . . . . 13 . . . Total Damage 183 | . . . . 183 . . . Kills 4 | . . . . 4 . . . Allies Corrupted . | . . . . . . . . Allies Melted . | . . . . . . . . Intel | -11 -10 -10 -9 -9 -9 -8 -8 ------- Run | Scr Mat Min Mat Min Exi Min Mat Robot Analysis Total 1 | . . . 1 . . . . Derelict Logs Recovered 3 | . . 1 . 2 . . . Drone Launches . | . . . . . . . . Drone Recoveries . | . . . . . . . . Exploration | -11 -10 -10 -9 -9 -9 -8 -8 ------------- Run | Scr Mat Min Mat Min Exi Min Mat Turns Passed 5274 | 86 744 900 927 1260 286 653 418 Spaces Moved 3088 | 48 317 633 575 682 213 423 197 Core 4 | 3 . . . . . . 1 Treads 25 | . . . . . . . 25 Legs 3059 | 45 317 633 575 682 213 423 171 Wheels . | . . . . . . . . Hover . | . . . . . . . . Flight . | . . . . . . . . Fastest Speed 50 | 50 120 120 120 120 120 150 120 Average Speed 131 | 115 120 124 130 133 133 150 128 Slowest Speed 500 | 120 120 125 160 150 150 150 500 Overloaded Moves . | . . . . . . . . Propulsion Burnouts . | . . . . . . . . Robots Hopped . | . . . . . . . . Cave-ins Triggered . | . . . . . . . . Exploration Rate (%) 59 | 4 48 97 54 97 60 96 17 Regions Visited 7 Branch Regions 4 Pre-discovered Areas 1 | . . 1 . . . . . Known Exits Taken . | . . . . . . . . Unknown Exits Taken 7 | 1 1 1 1 1 1 1 . Scrap Searched 2 | . . 1 . 1 . . . Spaces Dug 8 | . . 2 . 2 . . 4 Terrain Destroyed 42 | . . 4 5 22 . . 11 Melee 6 | . . . . 2 . . 4 Projectile 16 | . . 4 5 . . . 7 AOE 20 | . . . . 20 . . . Terrain Rammed . | . . . . . . . . Walls Destroyed . | . . . . . . . . Machines Disabled . | . . . . . . . . Actions | -11 -10 -10 -9 -9 -9 -8 -8 --------- Run | Scr Mat Min Mat Min Exi Min Mat Total 3914 | 65 601 695 661 932 215 440 305 Wait 491 | . 228 14 22 176 . 8 43 Move 3081 | 47 316 632 574 681 212 422 197 Hop . | . . . . . . . . Pick Up 27 | 6 1 3 3 9 . 1 4 Fast Attach 29 | 5 3 4 7 1 1 3 5 Attach 12 | 1 2 . . 3 . . 6 Detach 2 | . 1 . 1 . . . . Swap 15 | 1 4 2 2 5 . 1 . Drop 31 | . 5 7 7 2 2 4 4 Fire 166 | 5 41 29 45 22 . . 24 Melee 54 | . . 4 . 33 . 1 16 Ram . | . . . . . . . . Kick 1 | . . . . . . . 1 Crush 5 | . . . . . . . 5 Escape Stasis . | . . . . . . . . Rewire . | . . . . . . . . Trap . | . . . . . . . . Miscellaneous . | . . . . . . . . Route ------- -11/Scrapyard -10/Materials (discovered 2 exits: *Mat / *Min) -10/Mines (discovered 2 exits: *Mat x2) -9/Materials (discovered 3 exits: *Mat / [*Min x2]) -9/Mines (discovered 3 exits: *Mat x2 / *Exi) -9/Exiles -8/Mines (discovered 2 exits: *Mat x2) -8/Materials (discovered 1 exit: Fac) History --------- Turn | Location | Event 7 | -11/Scrapyard | Discovered new exit (range 15) 87 | -11/Scrapyard | Entered Materials 309 | -10/Materials | Build established: Mutant 499 | -10/Materials | Discovered new exit (range 4) 810 | -10/Materials | Discovered new exit (range 14) 831 | -10/Materials | Entered Mines 841 | -10/Mines | Build established: Scavenger-Mutant 888 | -10/Mines | Learned location of Mines (-8) 948 | -10/Mines | Discovered new exit (range 11) 965 | -10/Mines | Met a Derelict who couldn't figure out how to use a Trap Extractor 1226 | -10/Mines | Discovered new exit (range 8) 1237 | -10/Mines | Core integrity fell below 50% 1264 | -10/Mines | Build established: Mutant 1406 | -10/Mines | A weapon hastily lodged in a ceiling crevice suddenly fell to the ground 1731 | -10/Mines | Entered Materials 1731 | -9/Materials | Evolved 2 slots: Utility x1, Weapon x1 1894 | -9/Materials | Build established: Scavenger-Mutant 1903 | -9/Materials | Discovered new exit (range 15) 2183 | -9/Materials | Discovered new exit (range 13) 2297 | -9/Materials | Discovered new exit (range 4) 2658 | -9/Materials | Entered Mines 2661 | -9/Mines | Assisted by bots powering up and referring to "LRC-V3" 2736 | -9/Mines | Learned Materials terminal intel 2784 | -9/Mines | Discovered new exit (range 6) 2868 | -9/Mines | Deemed a non-threat by the Exiles lab entrance 2868 | -9/Mines | Discovered new exit (range 5) 2952 | -9/Mines | Learned location of 1 exit from Materials 2980 | -9/Mines | Build established: Scavenger-Skirmisher 3132 | -9/Mines | Discovered new exit (range 5) 3334 | -9/Mines | Build established: Scavenger-Mutant 3719 | -9/Mines | Excavation squad dispatched 3719 | -9/Mines | A large section of the Mines collapsed 3918 | -9/Mines | Entered Exiles 3951 | -9/Exiles | Met 8R-AWN 3969 | -9/Exiles | Met EX-HEX 4005 | -9/Exiles | Met EX-BIN 4022 | -9/Exiles | Aligned with FarCom system 4023 | -9/Exiles | Given EX-Vault access code 4050 | -9/Exiles | Opened EX-Vault 4060 | -9/Exiles | Found AWS/Thermal 4094 | -9/Exiles | Warned to stay clear of 0b10 Research branches 4136 | -9/Exiles | Met EX-DEC 4189 | -9/Exiles | Discovered new exit (range 10) 4204 | -9/Exiles | Left Exiles lab with AWS/Thermal 4204 | -9/Exiles | Entered Mines 4540 | -8/Mines | Discovered new exit (range 12) 4624 | -8/Mines | Discovered new exit (range 3) 4857 | -8/Mines | Entered Materials 4857 | -8/Materials | Evolved 2 slots: Propulsion x1, Utility x1 4858 | -8/Materials | Identified exit to Factory 4859 | -8/Materials | Loaded intel: 12 terminal locations 5021 | -8/Materials | Garrison activated, responded to threat 5185 | -8/Materials | Core integrity fell below 50% 5211 | -8/Materials | Lost 10 parts (2p3n2u3w) 5275 | -8/Materials | Self-destructed Last Messages --------------- 05213_ Acquired 2 matter. 05215_ Acquired 8 matter. 05223_ K-01 Serf collects debris. 05224_ W-25 Informer sends out distress signal. 05231_ K-01 Serf collects debris. 05239_ W-25 Informer distress signal jammed. 05240_ Slug penetrates Wall. 05240_ Imp. Aluminum Leg destroyed. 05241_ Slammed into H-55 Commando. 05241_ W-25 Informer distress signal jammed. 05246_ Penetrated by Slug. 05247_ W-25 Informer distress signal jammed. 05249_ Penetrated by Slug. 05250_ W-25 Informer distress signal jammed. 05254_ H-55 Commando destroyed. 05258_ S-10 Pest destroyed. 05262_ Lgt. Treads destroyed. 05266_ Y-45 Defender destroyed. 05268_ S-10 Pest destroyed. 05270_ K-01 Serf collects debris. Map ----- +----------------------------------------------------+ | ??????????????????????????????#"=% ]# # "" # | | ??????????????????????????????#" # # ! # | | ??????????????????????????????##"" # ######### | | ???????????????????????????????#"Y + #????? | | ???????????????????????????????#"" # #????? | | ??????????????????????????????## ! # #????? | | ?????????????????????????######"######=!= %##???? | | ?????????????????????????# #??#%##+%###?? | | ?????????????????????????# [ #??#[#![ #? | | ?????????????????????????# "T" #??# # #? | | ?????????????????????????# """ #??# # #? | | ????????????T????????????######/####??# # #? | | ?????????????????????????????# #??### ########? | | ????????????????????o????????# #??# #?????? | | ?????????????????????????????# #??# ####??? | | ??????????????????############ #??# %[ #??? | | ??????????????????# """"""" ## % ##?# = ## #??? | | ??????????????????# """"""" # #?# ## #??? | | ??????????????????# """"""" # #?## ### #??? | | ??????????????????# """"""" # #??# #?" #??? | | ??????????????????# """""%"%+% #??# #?" #??? | | ??????????????????# %% # #??# ### #??? | | ??????????????????# %"# #??# =%##" #??? | | ????????w?????????# % # ##u # #??? | | ??????????# ############= # #??? | | ??????? +h + t *%k%@!%=% # #??? | | ??????????# ############* # #??? | | ????????????????????????????# ! # #??? | | ????????????????????????????# #=#??? | | ????????????????????????????######## #%#??? | | ????????????????????????????????????###+####/#??? | | ???????????????????????????????????????? ?%*=??? | | ???????????????????????????????????????????!= ??? | | ?????????????????????????????????????????? #?? | | ?????????w???????????????????????????????? #?? | | ????????????????????????????????????????? "" #?? | | ????????????????????????????????????????? G" #?? | | ????????????????????????????????????????! "" #?? | | ??????????????????????????????????g????? #?? | | ???????????????????????????????????????##### ##?? | | ???"T"??????????????????????????????????????#???? | | ????????????????????????????????????????????????? | | ????????????????????????????????????????????????? | | ????????????????????????????????????????????????? | | ????????????????????????????????????????????????? | | ????????????????????????????????????????????????? | | ????????????????????????????????????????????????? | | ????????????????????????????????????????????????? | | ??????????????????????????????????